 Dungeon Crawl Stone Soup version 0.28-a0-1227-ga9037bb4c8 (webtiles) character file.

Game seed: 798799209395931609

2804 Ijustatesigmund the Cleaver (level 9, -6/124 HPs)
             Began as a Hill Orc Fighter on Dec 22, 2021.
             Mangled by a two-headed ogre (13 damage)
             ... on level 8 of the Dungeon.
             The game lasted 00:11:15 (8776 turns).

Ijustatesigmund the Cleaver (Hill Orc Fighter)      Turns: 8776, Time: 00:11:16

Health: -6/124     AC: 11    Str: 21    XL:     9   Next: 72%
Magic:  0/0        EV: 11    Int: 12    God:
Gold:   1255       SH:  5    Dex: 16    Spells: 8/8 levels left

rFire   + . .      SeeInvis .   a - +0 war axe (vorpal)
rCold   . . .      Faith    .   c - +0 buckler
rNeg    + . .      Spirit   .   b - +1 ring mail "Ocipta" {Will++ MP-9 Str+2}
rPois   .          Reflect  .   (no helmet)
rElec   .          Harm     +   (no cloak)
rCorr   .          Rampage  +   (no gloves)
Will    +++..                   o - +2 pair of boots "Jikyum" {Harm Rampage rF+ rN+}
Stlth   ..........              (no amulet)
HPRegen 0.30/turn               g - ring of willpower
MPRegen 0.07/turn               q - +6 ring of dexterity

@: berserking, very quick
A: no striking features
a: no special abilities


You were on level 8 of the Dungeon.
You visited 2 branches of the dungeon, and saw 9 of its levels.

You collected 1255 gold pieces.

Inventory:

Hand Weapons
 a - a +0 vorpal war axe (weapon)
 r - a +2 flail of venom
Missiles
 j - 3 atropa-tipped darts (quivered)
 p - 2 javelins
Armour
 b - the +1 ring mail "Ocipta" (worn) {Will++ MP-9 Str+2}
   (You found it on level 7 of the Dungeon)

   Str:       It affects your strength (+2).
   MP:        It affects your magic capacity (-9).
   Will:      It greatly increases your willpower.
 c - a +0 buckler (worn)
 d - a +1 pair of boots
 o - the +2 pair of boots "Jikyum" (worn) {Harm Rampage rF+ rN+}
   (You found it on level 4 of the Dungeon)

   rF:        It protects you from fire.
   rN:        It protects you from negative energy.
   Harm:      It increases damage dealt and taken.
   Rampage:   It bestows one free step when moving towards enemies.
Jewellery
 g - a ring of willpower (left hand)
 m - a ring of positive energy
 q - a +6 ring of dexterity (right hand)
 w - the ring of the Peasants {Fly rPois rC+ Will+ Dex+6}
   (You found it on level 6 of the Dungeon)

   [ring of dexterity]

   Dex:       It affects your dexterity (+6).
   rC:        It protects you from cold.
   rPois:     It protects you from poison.
   Fly:       It grants you flight.
   Will:      It increases your willpower.
Wands
 l - a wand of polymorph (12)
 t - a wand of flame (20)
 z - a wand of digging (4)
Scrolls
 e - 3 scrolls of teleportation
 i - 7 scrolls of identify
 n - a scroll of fog
 s - 2 scrolls of immolation
 x - a scroll of fear
 A - a scroll of enchant armour {unknown}
Potions
 f - a potion of brilliance
 h - a potion of might
 k - a potion of magic
 u - 3 potions of cancellation


   Skills:
 + Level 9.3 Fighting
 + Level 11.1 Axes
 - Level 0.2 Throwing
 + Level 8.0 Armour
 - Level 1.3 Dodging
 - Level 0.5 Stealth
 - Level 3.2 Shields


You had 8 spell levels left.
You didn't know any spells.
Your spell library contained the following spells:

 Spells                   Type           Power      Damage    Failure   Level
 Magic Dart               Conj           0%         1d3       50%         1
 Sting                    Tmut/Pois      0%         1d3       50%         1
 Poisonous Vapours        Pois/Air       0%         N/A       63%         2
 Searing Ray              Conj           0%         2d4       63%         2
 Frozen Ramparts          Ice            0%         1d2       86%         3
 Gell's Gravitas          Tloc           0%         N/A       86%         3
 Portal Projectile        Hex/Tloc       0%         N/A       86%         3
 Teleport Other           Tloc           0%         N/A       86%         3
 Fulminant Prism          Conj/Hex       0%         3d6       99%         4
 Ice Form                 Ice/Tmut       0%         N/A       99%         4
 Olgreb's Toxic Radiance  Pois           0%         N/A       99%         4
 Summon Ice Beast         Ice/Summ       0%         N/A       99%         4
 Blade Hands              Tmut           0%         N/A       100%        5
 Excruciating Wounds      Necr           0%         N/A       100%        5
 Freezing Cloud           Conj/Ice/Air   0%         6-21      100%        5
 Summon Forest            Summ/Tloc      0%         N/A       100%        5
 Dispersal                Tloc           0%         N/A       100%        6
 Eringya's Noxious Bog    Tmut/Pois      0%         N/A       100%        6
 Simulacrum               Ice/Necr       0%         N/A       100%        6
 Summon Hydra             Summ           0%         N/A       100%        7
 Borgnjor's Revivificati  Necr           0%         N/A       100%        8
 Necromutation            Tmut/Necr      0%         N/A       100%        8
 Death's Door             Necr           0%         N/A       100%        9
 Polar Vortex             Ice            0%         N/A       100%        9


Dungeon Overview and Level Annotations

Branches:
Dungeon (8/15)             Temple (1/1) D:5
   Lair: D:8-11

Altars:
Ashenzari
Cheibriados
Dithmenos
Elyvilon
Fedhas
Hepliaklqana
Kikubaaqudgha
Makhleb
Nemelex Xobeh
Qazlal
Ru
Sif Muna
Trog
Vehumet
Xom
Zin
The Shining One


Message History

a vampire mosquito corpse; a vampire mosquito corpse A two-headed ogre comes into view.
It is wielding two +0 giant clubs.
The two-headed ogre shouts in stereo!
Throw: 6 darts (atropa)
Press: ? - help, Q - select action, (/) - cycle Shift-Dir - straight line, f - two-headed ogre
Aim: a two-headed ogre, wielding two +0 giant clubs (77% to hit, chance to blind on hit: 3%)
You throw an atropa-tipped dart.
The atropa-tipped dart hits the two-headed ogre.
The two-headed ogre resists.
Throw: 5 darts (atropa)
Press: ? - help, Q - select action, (/) - cycle Shift-Dir - straight line, f/p - two-headed ogre
Aim: a two-headed ogre, wielding two +0 giant clubs (77% to hit, chance to blind on hit: 3%)
You throw an atropa-tipped dart.
The atropa-tipped dart hits the two-headed ogre.
The two-headed ogre appears confused.
The two-headed ogre chortles and stares into space.
Throw: 4 darts (atropa)
Press: ? - help, Q - select action, (/) - cycle Shift-Dir - straight line, f/p - two-headed ogre
Aim: a two-headed ogre, wielding two +0 giant clubs (confused, blind, 87% to hit, chance to blind on hit: 3%)
You throw an atropa-tipped dart.
The atropa-tipped dart hits the two-headed ogre.
The two-headed ogre resists.
The two-headed ogre seems less confused.
The two-headed ogre is no longer blind.
You barely miss the two-headed ogre.
The two-headed ogre hits you with a +0 giant club!! x2
You are too injured to fight recklessly!
A red film seems to cover your vision as you go berserk!
You feel yourself moving faster!
You feel mighty!
The two-headed ogre hits you with a +0 giant club.
The two-headed ogre hits you with a +0 giant club!!
* * * LOW HITPOINT WARNING * * *
You slash the two-headed ogre!
The two-headed ogre is moderately wounded.
You slash the two-headed ogre!
The two-headed ogre is severely wounded.
The two-headed ogre hits you with a +0 giant club!
* * * LOW HITPOINT WARNING * * *
The two-headed ogre hits you with a +0 giant club!
You die...

### ... ########
###.###......####
#...##..#.#.....#
##...##......#†#.# #
####....†...#.#...#.#
#..........###.....###.#
#.########.# ####..# #..
#.#.((O@...# #..#####
#.#...(.#### #..##...
..#.....# #.......
#.....# #....... ##....#
#<##.... ###### ####....
#.... #####


You could see a two-headed ogre.

Vanquished Creatures
  Sigmund (D:3)
  Eustachio (D:6)
  3 vampire mosquitoes (D:8)
  A water moccasin (D:6)
  A sky beast (D:7)
  An ice beast (D:6)
  4 black bears (D:6)
  2 ogres
  A centaur (D:7)
  A bullfrog (D:8)
  4 scorpions (D:6)
  A howler monkey (D:5)
  2 centaur zombies (D:5)
  2 jellies
  2 bullfrog zombies
  2 gnoll shamans
  2 hounds
  3 orc priests
  2 bullfrog skeletons
  An iguana (D:4)
  Terence (D:3)
  2 orc wizards
  3 killer bee zombies
  A howler monkey skeleton (D:5)
  7 gnolls
  8 adders
  A shadow imp (D:5)
  3 white imps
  An adder zombie (D:5)
  2 dart slugs
  16 orcs
  6 ball pythons
  3 bats
  4 endoplasms
  A giant cockroach (D:1)
  5 goblins
  6 hobgoblins
  3 kobolds
  5 quokkas
  3 frilled lizards
  5 rats
123 creatures vanquished.

Vanquished Creatures (others)
  7 fungi (D:3)
  11 plants (D:5)
18 creatures vanquished.

Grand Total: 141 creatures vanquished

Notes
Turn   | Place    | Note
-------+----------+-------------------------------------------
     0 | D:1      | Ijustatesigmund the Hill Orc Fighter began the quest for
                  | the Orb.
     0 | D:1      | Reached XP level 1. HP: 19/19 MP: 1/1
   163 | D:1      | Reached skill level 3 in Axes
   269 | D:1      | Reached XP level 2. HP: 27/27 MP: 2/2
   404 | D:1      | Found a faded altar of an unknown god.
  1045 | D:2      | Reached XP level 3. HP: 4/34 MP: 3/3
  1047 | D:2      | HP: 1/34 [poisoned by an adder]
  1427 | D:2      | Reached skill level 4 in Axes
  1963 | D:3      | Noticed Terence
  1978 | D:3      | Killed Terence
  1979 | D:3      | Reached XP level 4. HP: 14/41 MP: 4/4
  2189 | D:3      | Noticed Sigmund
  2409 | D:4      | Found a sacrificial altar of Ru.
  2426 | D:4      | Reached skill level 5 in Axes
  2457 | D:5      | Entered Level 5 of the Dungeon
  2740 | D:5      | Noticed an ogre
  2750 | D:5      | Killed an ogre
  2751 | D:5      | Reached skill level 6 in Axes
  2751 | D:5      | Reached XP level 5. HP: 19/47 MP: 5/5
  2880 | D:5      | Reached skill level 1 in Dodging
  2880 | D:5      | Reached XP level 6. HP: 44/53 MP: 6/6
  2994 | D:5      | Reached skill level 5 in Fighting
  2994 | D:5      | Reached skill level 7 in Axes
  3003 | D:5      | Found a staircase to the Ecumenical Temple.
  3010 | Temple   | Entered the Ecumenical Temple
  3644 | D:4      | Reached XP level 7. HP: 56/61 MP: 7/7
  4067 | D:4      | Found a hazy altar of Hepliaklqana.
  4106 | D:4      | Identified the +2 pair of boots "Jikyum" {Harm Rampage rF+
                  | rN+}
  4825 | D:3      | Killed Sigmund
  4826 | D:3      | Reached skill level 8 in Axes
  4826 | D:3      | Reached skill level 5 in Armour
  5091 | D:3      | Found a blossoming altar of Fedhas.
  5354 | D:3      | Found a glowing silver altar of Zin.
  5647 | D:5      | Reached XP level 8. HP: 71/71 MP: 8/8
  6385 | D:6      | Identified a scroll of acquirement
  6385 | D:6      | Acquired 948 gold pieces
  6496 | D:6      | Reached skill level 9 in Axes
  6798 | D:6      | Found a bloodstained altar of Trog.
  6924 | D:6      | Noticed Eustachio
  6945 | D:6      | Killed Eustachio
  7087 | D:6      | Reached XP level 9. HP: 74/81 MP: 9/9
  7157 | D:6      | Reached skill level 10 in Axes
  7204 | D:6      | Identified the ring of the Peasants {Fly rPois rC+ Will+
                  | Dex+6}
  7490 | D:7      | Found an ancient bone altar of Kikubaaqudgha.
  7491 | D:7      | Found a shimmering altar of Xom.
  7586 | D:7      | Identified the +1 ring mail "Ocipta" {Will++ MP-9 Str+2}
  8621 | D:8      | Reached skill level 11 in Axes
  8766 | D:8      | Noticed a two-headed ogre
  8776 | D:8      | Mangled by a two-headed ogre

Illustrated notes

Levels and vault maps discovered:
D:1:      dpeg_arrival_rooms_c, layout_basic, basic_ecumenical_altar,
          minmay_misc_feat_square, minivault_24
D:2:      layout_loops_ring, serial_forest, infiniplex_forest_straight_4,
          infiniplex_forest_clump_small, infiniplex_forest_straight_2,
          infiniplex_forest_lined_3_way, infiniplex_forest_straight_4,
          infiniplex_forest_lined_room_2, infiniplex_forest_straight_4,
          infiniplex_forest_straight_4, infiniplex_forest_lined_2,
          infiniplex_forest_lined_3
D:3:      layout_loops_cross, fedhas_altar_3, marbit_many_paths,
          serial_park_tiny_2, uniq_sigmund, uniq_terence
D:4:      layout_loops_ring, nicolae_hepliaklqana_hippocampus,
          old_standard_altar
D:5:      nicolae_cairo_tiling_large_dashed, layout_loops_corners,
          minmay_temple_entry_statues_fountains, serial_bayou_pond_d,
          serial_bayou_ford_a
D:6:      minmay_skewed_foursquare, layout_loops_ring, trog_ov_bears_minmay,
          uniq_eustachio
D:7:      layout_basic, nicolae_overflow_squiral, hangedman_decor_slide_cut
D:8:      layout_basic, amcnicky_altar_gilded, serial_co_window_serial,
          co_window_corner_a, co_window_paths_b, co_window_paths_a,
          co_window_corner_a, co_window_paths_a, co_window_cross_2,
          co_window_2corner, co_window_corner_b, co_window_2corner,
          co_window_4corner_a, glass_columns_c, glass_columns_a
Temple:   zaba_magenta_temple

Skill      XL: |  1  2  3  4  5  6  7  8  9 |
---------------+----------------------------+-----
Axes           | 3 4 6 7 8 9 11 | 11.1
Fighting       | 4 5 6 8 9 |  9.3
Dodging        | 1 |  1.3
Armour         | 4 5 6 8 |  8.0
Throwing       | |  0.2
Stealth        | |  0.5
Shields        | |  3.2

Action                   |  1- 3 |  4- 6 |  7- 9 || total
-------------------------+-------+-------+-------++-------
Melee: War axe           |    84 |    79 |   304 ||   467
Throw: Dart              |     2 |     4 |     6 ||    12
  Use: Potion            |     2 |       |     2 ||     4
       Scroll            |       |     7 |     8 ||    15
 Stab: Invisible         |     1 |       |     1 ||     2
Armor: Scale mail        |    47 |    63 |    81 ||   191
       Leather armour    |       |       |    19 ||    19
       Ring mail         |       |       |    15 ||    15
Dodge: Dodged            |    33 |    59 |   140 ||   232
Block: Buckler           |    18 |    13 |    61 ||    92

Table legend: (Time is in decaauts)
 A = Elapsed time spent in this place.
 B = Non-inter-level travel time spent in this place.
 C = Inter-level travel time spent in this place.
 D = Time resting spent in this place.
 E = Time spent auto-exploring this place.
 F = Levels seen in this place.
 G = Mean time per level.
                   A        B        C        D        E       F      G
               +--------+--------+--------+--------+--------+-----+--------+
         Total |   8844 |   8501 |    343 |   1690 |   5595 |   9 |  982.7 |
       Dungeon |   8548 |   8219 |    329 |   1518 |   5499 |   8 | 1068.5 |
        Temple |    296 |    282 |     14 |    172 |     96 |   1 |  296.0 |
               +--------+--------+--------+--------+--------+-----+--------+

Top non-repeatable levels by time:
     D:5: 1577 daAuts
     D:2: 1317 daAuts
     D:6: 1286 daAuts
     D:4: 1219 daAuts
     D:7: 1087 daAuts
     D:3: 1052 daAuts
     D:1: 794 daAuts
  Temple: 296 daAuts
     D:8: 215 daAuts
